AoeStats
← danjo

Oasis

508636198Analyzed
4v4 RM · 10d ago on Sep 23, 2026· 34m 11s· 8 players
Game mode
Random Map
Map size
Large (8 player)
Population
200
Speed
Normal
Resources
Standard
Victory
Conquest
Starting age
Dark Age
Ending age
Imperial Age
RankedLock teamsTeams togetherTeam positionsShared explorationLock speedFull tech treeHidden civsTurbo modeCheats
Victory
Defeat
🇩🇪 Varangians · Germany
1335
+8
🇩🇪 Malians · Germany
1171
+13
🇦🇺 Khitans · Australia
1073
+17
🇷🇴 Khmer · Romania
1057
+18
🇨🇳 Inca · China
1253
-19
🇯🇵 Persians · Japan
1194
-17
🇻🇳 Muisca · Vietnam
1145
-15
🇨🇳 Magyars · China
858
-5
kw3dsky
6:45 Loom
12:01 Feudal Age
12:09 Champi Runner
24:06 Castle Age
22:25 Horse Collar
22:31 Double-Bit Axe
22:37 Gold Mining
23:39 Forging
26:55 Wheelbarrow
28:45 Hand Cart
30:37 Heavy Plow
30:48 Bow Saw
31:14 Gold Shaft Mining
30:29 Stone Mining
jean_sibe
7:05 Loom
10:00 Feudal Age
10:57 Double-Bit Axe
10:55 Horse Collar
14:03 Forging
14:24 Bloodlines
20:18 Castle Age
21:29 Town Watch
22:11 Bow Saw
22:39 Light Cavalry
26:46 Scale Barding Armor
26:55 Husbandry
30:11 Gold Mining
31:37 Chain Barding Armor
31:54 Iron Casting
oveou
6:42 Loom
9:57 Feudal Age
11:06 Double-Bit Axe
10:50 Champi Runner
15:13 Horse Collar
23:05 Wheelbarrow
25:24 Castle Age
24:07 Scale Mail Armor
24:17 Forging
24:22 Stone Mining
24:45 Arson
24:51 Town Watch
25:00 Gold Mining
25:50 Champi Warrior
25:53 Pikeman
28:13 Chain Mail Armor
30:38 Squires
31:19 Iron Casting
顺风打工人
5:18 Loom
13:32 Feudal Age
15:58 Double-Bit Axe
18:17 Castle Age
16:05 Town Watch
16:38 Horse Collar
21:26 Wheelbarrow
21:05 Bow Saw
20:58 Heavy Plow
22:57 Hand Cart
22:35 Gold Mining
22:36 Stone Mining
27:57 Pikeman
29:19 Fletching
danjo
10:47 Feudal Age
17:57 Castle Age
17:59 Stone Mining
29:16 Scale Mail Armor
31:03 Forging
33:23 Chain Mail Armor
33:44 Iron Casting
Azazel
0:28 Loom
18:04 Feudal Age
22:47 Castle Age
21:30 Horse Collar
22:23 Stone Mining
22:26 Gold Mining
24:52 Wheelbarrow
25:15 Double-Bit Axe
28:41 Bow Saw
33:36 Heavy Plow
33:58 Hand Cart
Szorinx
6:20 Loom
9:23 Feudal Age
11:14 Bloodlines
12:13 Scale Barding Armor
12:18 Forging
14:34 Horse Collar
20:03 Forging
22:12 Double-Bit Axe
24:34 Castle Age
25:06 Light Cavalry
25:46 Husbandry
26:11 Chain Barding Armor
26:26 Iron Casting
27:33 Wheelbarrow
27:00 Heavy Plow
27:11 Bow Saw
30:13 Hand Cart
SilverArrow
8:35 Loom
10:57 Feudal Age
11:37 Domestication
13:08 Wheelbarrow
17:07 Castle Age
16:13 Double-Bit Axe
16:30 Gold Mining
17:00 Forging
18:16 Bow Saw
18:49 Stone Mining
20:51 Pastoralism
22:10 Scale Mail Armor
22:18 Scale Barding Armor
23:17 Stone Shaft Mining
24:19 Iron Casting
24:55 Husbandry
25:27 Chain Barding Armor
Connection lost

Rejoining the realm…

Still unreachable

The connection could not be restored.

Session expired

The server has moved on; the page needs a fresh start.